 Dungeon Crawl Stone Soup version 0.17.0-28-g6e173f8 (webtiles) character file.

49 baaltosaur the Skirmisher (level 3, -2/29 HPs)
             Began as a Demonspawn Abyssal Knight on Nov 26, 2015.
             Was a Believer of Lugonu.
             Killed by a spatial distortion (4 damage)
             ... on level 2 of the Dungeon.
             The game lasted 00:11:22 (2318 turns).

baaltosaur the Skirmisher (DsAK)                    Turns: 2318, Time: 00:11:22

Health: -2/29      AC:  3    Str: 13    XL:     3   Next: 53%
Magic:  4/4        EV: 12    Int: 13    God:    Lugonu [**....]
Gold:   66         SH:  0    Dex: 12    Spells: 0 memorised, 2 levels left

rFire  . . .     SeeInvis .     a - +3 mace
rCold  . . .     Clarity  .     b - +0 leather armour
rNeg   . . .     SustAt   .     (no shield)
rPois  .         Gourm    .     (no helmet)
rElec  .         Spirit   .     (no cloak)
rCorr  .         Warding  .     (no gloves)
rMut   .         Stasis   .     (no boots)
MR     .....                    (no amulet)
Stlth  ++........               (no ring)
                                d - ring of invisibility

@: not resistant to hostile enchantments, unstealthy
A: hooves 1, nightstalker 1
a: Depart the Abyss, Bend Space, Renounce Religion, Evoke Invisibility


You were on level 2 of the Dungeon.
You worshipped Lugonu.
Lugonu was pleased with you.
You were not hungry.

You visited 1 branch of the dungeon, and saw 2 of its levels.
You visited the Abyss 1 time.

You collected 66 gold pieces.

Inventory:

Hand Weapons
 a - a +3 mace (weapon)
Armour
 b - a +0 leather armour (worn)
Jewellery
 d - a ring of invisibility (left hand)
Scrolls
 e - a scroll of fog {unknown}
 g - 2 scrolls of fear {unknown}
 h - a scroll of teleportation {unknown}
Potions
 c - a potion of curing {unknown}
 f - a potion of brilliance {unknown}
 i - a potion of mutation {unknown}


   Skills:
 + Level 3.4 Fighting
 * Level 2.0 Maces & Flails
 + Level 2.2 Armour
 + Level 2.0 Dodging
 + Level 2.5 Invocations


You had 2 spell levels left.
You didn't know any spells.

Dungeon Overview and Level Annotations

Branches:
Dungeon (2/15)

Altars:
Trog
The Shining One

Annotations:
D:2 Ijyb


Innate Abilities, Weirdness & Mutations

You have large cloven feet.
You are slightly more attuned to the shadows.


Message History

The giant gecko closely misses you.
You closely miss Ijyb.
Ijyb is severely wounded.
The giant gecko barely misses you. Ijyb hits you but does no damage.
The hobgoblin hits you but does no damage.
The giant gecko bites you but does no damage.
Ijyb closely misses you.
You completely miss Ijyb.
Ijyb is severely wounded.
The hobgoblin barely misses you. The giant gecko bites you.
Ijyb hits you with a dagger.
* * * LOW HITPOINT WARNING * * *
The hobgoblin hits you with a club.
* * * LOW HITPOINT WARNING * * *
You fail to use your ability.
The giant gecko bites you.
* * * LOW HITPOINT WARNING * * *
Ijyb hits you with a dagger.
* * * LOW HITPOINT WARNING * * *
Space bends around you!
You blink.
You die...

####+#### #.......#
#.# #..[@...#
#.##### ..........#
####......
.............
.........
####.##...### #.#
#..#. ..
#lg#####.####.#. ...
#§gs$.......... ...
#.#####.####.#.
._.....# #.# #...
.....#######.#####..


You could see Ijyb, a giant gecko and a hobgoblin.

Vanquished Creatures
  An adder (D:2)
  A giant gecko (D:1)
  3 giant cockroaches (D:1)
  4 hobgoblins
  4 jackals
  A quokka (D:2)
  7 bats
  3 giant newts
  6 goblins
  4 kobolds
  3 rats
  2 fungi (D:1)
39 creatures vanquished.

Notes
Turn   | Place    | Note
--------------------------------------------------------------
     0 | Abyss:1  | baaltosaur the Demonspawn Abyssal Knight began the quest for the Orb.
     0 | Abyss:1  | Reached XP level 1. HP: 18/18 MP: 2/2
    26 | D:1      | Escaped the Abyss
   275 | D:1      | Gained mutation: You are slightly more attuned to the shadows. [demonic ancestry]
   275 | D:1      | Reached XP level 2. HP: 14/24 MP: 3/3
   632 | D:1      | Reached skill level 1 in Dodging
  1472 | D:1      | Reached ** piety under Lugonu
  1758 | D:2      | Gained mutation: You have large cloven feet. [demonic ancestry]
  1758 | D:2      | Reached XP level 3. HP: 27/29 MP: 4/4
  2238 | D:2      | Found a bloodstained altar of Trog.
  2302 | D:2      | Found a glowing golden altar of the Shining One.
  2306 | D:2      | Noticed Ijyb
  2318 | D:2      | Killed by a spatial distortion

Action                   || total
-------------------------++-------
Melee: Mace              ||   170
  Use: Potion            ||     1
       Scroll            ||     4
 Stab: Sleeping          ||     1
  Eat: Bread ration      ||     1
